 BcadrenCrawl: Boulder Brew version 0.06-249-g3c0b566573 (webtiles) character file.

Game seed: 17511459171317533710, levelgen mode: deterministic

1907 gruber the Frost Mage (level 8, -12/41 HPs) Deep Elf Ice Elementalist. Began on Aug 17, 2022. Mangled by a guardian mummy ... wielding a +0 scimitar (53 damage) ... on level 3 of the Dungeon. The game lasted 00:15:32 (3468 turns).

gruber the Frost Mage (Deep Elf Ice Elementalist)   Turns: 3468, Time: 00:15:33

Health: -12/41     AC:  4    Str:  5    XL:     8 ^: 73
Magic:  12/20      EV: 12    Int: 33    God:
Gold:   225        SH:  0    Dex: 15    Spells: 7/21 levels left

rFire    . . .     Slash    x   l - +2 short sword (speed)
rCold    . . .     Pierce   .   (no weapon)
rNeg     . . .     Bludgeon .   b - +0 troll leather
rCorr    . . .     Vision   .   (no helmet)
rPois    .         Gourm    .   (no cloak)
rElec    .         Faith    .   (no gloves)
MR       .....     Spirit   .   (no boots)
HPRegen  0.63/turn Reflect  .   s - amulet of the acrobat
MPRegen  0.30/turn Harm     .   a - ring of intelligence
Stlth    ++........             e - ring of intelligence

@: no status effects
A: soft flesh
a: no special abilities


You were on level 3 of the Dungeon.
You were not hungry.

You visited 1 branch of the dungeon, and saw 3 of its levels.

You collected 225 gold pieces.

Inventory:

Weapons
 l - a +2 short sword of speed (weapon)
Armour
 b - a +0 troll leather (worn)
Jewellery
 a - a ring of intelligence (left hand)
 e - a ring of intelligence (right hand)
 k - the cursed ring "Ewaud" {Wiz *Drain rPois rF++ rN+, (Curse: Soulbond)}
   (You took it off a kobold on level 2 of the Dungeon)

   [ring of wizardry]

   It improves your spell success rate.
   It greatly protects you from fire.
   It protects you from poison.
   It protects you from negative energy.
   It causes draining when unequipped.
   It has a curse placed upon it.
   { (Curse: Soulbond)}
 m - an uncursed ring of protection
 n - an uncursed ring of intelligence
 s - an amulet of the acrobat (around neck)
Wands
 o - a wand of flame (13)
 q - a wand of random effects (2)
Scrolls
 g - 2 scrolls of fog
 j - 3 scrolls of teleportation
 p - a scroll of bless item
 r - a scroll of enchantment
 t - 2 scrolls of magic mapping
 u - 2 scrolls of fear
Potions
 d - 2 potions of might
 f - 2 potions of ambrosia
 h - a potion of berserk rage
 i - 2 potions of curing
Comestibles
 c - 25 rations
 v - a chunk of flesh


   Skills:
 - Level 2.4 Dodging
 - Level 2.4 Stealth
 - Level 7.0 Spellcasting
 - Level 1.2 Summonings
 * Level 11.7 Ice Magic


You had 7 spell levels left.
You knew the following spells:

 Your Spells              Type           Power        Failure   Level  Hunger
a - Freeze                Ice            25 (25)      1%          1    0
b - Throw Frost           Ice            50 (50)      1%          2    0
c - Ozocubu's Armour      Chrm/Ice       50 (100)     1%          3    0
d - Hailstorm Ice 73 (100) 1% 4 0-67 e - Throw Icicle Ice 73 (100) 1% 4 0-67 f - Summon Ice Beast Ice/Summ       53 (100)     3%          4    0-67

Your spell library contained the following spells:

 Spells                   Type           Power        Failure   Level  Hunger


Dungeon Overview and Level Annotations

Branches:
Dungeon (3/8)

Altars:
Hepliaklqana
Wu Jian
Xom


Innate Abilities, Weirdness & Mutations

Your soft flesh is weak to deep cuts.
Heavy manmade armour will nullify this weakness. (rSlashing-)


Message History

Things that are here:
a +2 quarterstaff of chaos; a +0 cloak; the gnoll skeleton of Crazy Yiuf
There is an open translucent door here.
Your ice beast disappears in a puff of smoke!
Eating one of 2 chunks of flesh.
You eat one of the 2 chunks of flesh.
This raw flesh tastes terrible.
Your ice beast disappears in a puff of smoke!
You see here a +0 heater shield.
You open the door.
Casting: Summon Ice Beast (safe; 3% risk of failure)
Confirm with . or Enter, or press ? or * to list all spells.
A chill wind blows around you.
Unknown command.
Unknown command.
Casting: Summon Ice Beast (safe; 3% risk of failure)
Confirm with . or Enter, or press ? or * to list all spells.
A chill wind blows around you. The mummy hits your ice beast (10)!
The guardian mummy hits you with a scimitar (53)!!!
You are lacerated severely!
Ouch! That really hurt!
You die...

#####
?.....####
..8..YM@.#
.....M##Y#
##### #..#
#.## #.#
##.# #..#
#.## ##
##.#


You could see a guardian mummy, a mummy and 2 friendly ice beasts.

Vanquished Creatures
  A water moccasin (D:2)
  An ogre (D:3)
  5 big kobolds (D:2)
  2 jellies (D:2)
  3 llaibwcod (D:3)
  An orc priest (D:3)
  4 orc wizards (D:3)
  An iguana (D:3)
  3 worker ants (D:3)
  8 giant cockroaches
  Robin (D:2)
  A cysgobwca (D:3)
  6 adders
  2 gwybwcod (D:3)
  22 sewer rats (D:2)
  8 cinder newts
  An ooze (D:2)
  2 dart slugs (D:1)
  3 leopard geckos (D:2)
  5 orcs (D:3)
  2 adder skeletons
  A cinder newt skeleton (D:2)
  9 goblins
  5 hobgoblins (D:1)
  3 jackals (D:3)
  28 kobolds
  2 quokkas (D:3)
  7 bats
  A bat skeleton (D:2)
  A goblin skeleton (D:2)
  An orc skeleton (D:2)
  A quokka skeleton (D:3)
  3 rats (D:1)
  4 withered plants (D:2)
148 creatures vanquished.

Vanquished Creatures (collateral kills)
  A water moccasin (D:2)
  A porcupine (D:3)
  An ogre (D:3)
  2 big kobolds (D:2)
  A howler monkey (D:3)
  Crazy Yiuf (D:3)
  A jelly (D:2)
  An orc wizard (D:3)
  2 worker ants (D:3)
  4 giant cockroaches (D:2)
  2 adders
  5 sewer rats (D:2)
  A cinder newt (D:3)
  A bullfrog (D:3)
  A leopard gecko (D:2)
  2 orcs (D:3)
  An adder skeleton (D:2)
  A ball python (D:3)
  A jackal (D:3)
  A bat skeleton (D:2)
  10 kobolds (D:2)
41 creatures vanquished.

Vanquished Creatures (others)
  A ball python (D:2)
  A kobold (D:2)
  A bat (D:2)
  A giant blowfly (D:2)
  A slimehead (D:2)
  88 withered plants (D:2)
93 creatures vanquished.

Grand Total: 282 creatures vanquished

Notes
Turn   | Place    | Note
-------+----------+-------------------------------------------
     0 | D:1      | gruber the Deep Elf Ice Elementalist began the quest for
                  | the Orb.
     0 | D:1      | Reached XP level 1. HP: 10/10 MP: 6/6
   215 | D:1      | Reached XP level 2. HP: 10/15 MP: 4/8
   231 | D:1      | Reached skill level 4 in Ice Magic
   246 | D:1      | Reached XP level 3. HP: 14/19 MP: 3/9
   414 | D:1      | Learned a level 2 spell: Throw Frost
   418 | D:1      | Learned a level 3 spell: Ozocubu's Armour
   479 | D:1      | Reached skill level 5 in Ice Magic
   479 | D:1      | Reached XP level 4. HP: 19/24 MP: 3/11
   495 | D:1      | Learned a level 4 spell: Hailstorm
   694 | D:2      | Noticed Robin
   694 | D:2      | Noticed a crocodile
   696 | D:2      | Killed Robin
   860 | D:2      | Reached XP level 5. HP: 19/28 MP: 0/14
  1070 | D:2      | Identified the cursed ring "Ewaud" {Wiz *Drain rPois rF++
                  | rN+, (Curse: Soulbond)}
  1086 | D:2      | Reached skill level 5 in Spellcasting
  1130 | D:2      | Reached skill level 6 in Ice Magic
  1154 | D:2      | Reached XP level 6. HP: 32/32 MP: 1/16
  1172 | D:2      | Learned a level 4 spell: Throw Icicle
  1177 | D:2      | Learned a level 4 spell: Summon Ice Beast
  1305 | D:2      | Noticed a water moccasin
  1315 | D:2      | Killed a water moccasin
  1440 | D:2      | Reached skill level 7 in Ice Magic
  1476 | D:2      | Reached XP level 7. HP: 36/36 MP: 11/19
  1517 | D:2      | Found a hazy altar of Hepliaklqana.
  1517 | D:2      | Found a shimmering altar of Xom.
  1518 | D:2      | Noticed a spectral ugly thing
  1609 | D:2      | Reached skill level 8 in Ice Magic
  1783 | D:2      | Reached skill level 9 in Ice Magic
  1793 | D:2      | Reached XP level 8. HP: 19/41 MP: 2/20
  2591 | D:3      | Reached skill level 10 in Ice Magic
  2773 | D:3      | Reached skill level 11 in Ice Magic
  2830 | D:3      | Found a runed translucent door.
  3170 | D:3      | Found an ornate altar of the Wu Jian Council.
  3333 | D:3      | Found a runed translucent door.
  3336 | D:3      | Noticed Crazy Yiuf
  3344 | D:3      | Killed Crazy Yiuf
  3468 | D:3      | Mangled by a guardian mummy

Levels and vault maps discovered:
D:1:      grunt_arrival_crossed_arrows, layout_loops_ring, minmay_pentomino_t4
D:2:      layout_sewer, regret_index_temple_of_mockery, disused_pipe
D:3:      ossuary_the_hunt_dpeg, layout_loops_ring, overflow_temple_1_default,
          first_ration, bcadren_nooodl_food_pyramid, billiards_dpeg,
          uniq_crazy_yiuf_cottage

Skill      XL: |  1  2  3  4  5  6  7  8 |
---------------+-------------------------+-----
Ice Magic      | 4 5 6 7 9 11 | 11.7
Spellcasting   | 4 5 6 7 |  7.0
Dodging        | |  2.4
Stealth        | |  2.4
Summonings     | |  1.2

Action                   |  1- 3 |  4- 6 |  7- 9 || total
-------------------------+-------+-------+-------++-------
Melee: Unarmed           |     4 |    23 |    38 ||    65
       Short sword       |       |     9 |    39 ||    48
 Cast: Freeze            |    36 |    73 |    54 ||   163
       Hailstorm         |       |     7 |       ||     7
       Ozocubu's Armour  |       |     4 |     1 ||     5
       Throw Icicle      |       |     4 |    29 ||    33
       Summon Ice Beast  |       |     2 |    14 ||    16
       Throw Frost       |       |       |    31 ||    31
  Use: Potion            |       |       |     1 ||     1
  Eat: Chunk             |       |     3 |     8 ||    11
Armor: Troll leather     |     9 |    24 |    27 ||    60
Dodge: Dodged            |     9 |    14 |    33 ||    56
